 Dungeon Crawl Stone Soup version 0.22-a0-799-g88f5e907b7 (webtiles) character file.

171 Holzbalken the Cudgeler (level 5, -6/32 HPs)
             Began as a Gargoyle Monk on July 21, 2018.
             Mangled by an orc warrior
             ... wielding a +0 scimitar
              (22 damage)
             ... on level 3 of the Dungeon.
             The game lasted 00:06:33 (2404 turns).

Holzbalken the Cudgeler (Gargoyle Monk)             Turns: 2404, Time: 00:06:34

Health: -6/32      AC: 10    Str: 15    XL:     5   Next: 51%
Magic:  5/5        EV: 11    Int: 11    God:
Gold:   64         SH:  0    Dex: 12    Spells: 4/4 levels left

rFire    x . .     SeeInvis .   j - +1 whip (venom)
rCold    + . .     Gourm    .   (no shield)
rNeg     + . .     Faith    .   m - +0 ring mail
rPois    ∞         Spirit   .   o - +0 helmet
rElec    +         Reflect  .   (no cloak)
rCorr    .         Harm     .   (no gloves)
MR       .....                  (no boots)
Stlth    +.........             (no amulet)
HPRegen  0.10/turn              k - ring of ice
MPRegen  0.09/turn              d - ring of wizardry

@: no status effects
A: negative energy resistance 1, electricity resistance, unbreathing,
petrification resistance, rot immunity, AC +4
a: no special abilities


You were on level 3 of the Dungeon.
You were not hungry.

You visited 1 branch of the dungeon, and saw 3 of its levels.

You collected 64 gold pieces.

Inventory:

Hand Weapons
 a - a +0 mace
 j - a +1 whip of venom (weapon)
Armour
 b - a +0 robe
 i - a +0 leather armour
 m - a +0 ring mail (worn)
 o - a +0 helmet (worn)
Jewellery
 d - a ring of wizardry (right hand)
 k - a ring of ice (left hand)
Scrolls
 e - 6 scrolls of identify {unknown}
 f - 2 scrolls of remove curse {unknown}
 h - a scroll of enchant armour {unknown}
 l - a scroll of fear {unknown}
 n - a scroll of enchant weapon {unknown}
Potions
 g - 5 potions of curing {unknown}
Comestibles
 c - 4 rations
 p - 2 chunks of flesh


   Skills:
 - Level 3.2 Fighting
 + Level 6.0 Maces & Flails
 - Level 2.4 Dodging
 - Level 2.1 Stealth


You had 4 spell levels left.
You didn't know any spells.
Your spell library was empty.

Dungeon Overview and Level Annotations

Branches:
Dungeon (3/15)

Altars:
Trog


Innate Abilities, Weirdness & Mutations

You are resistant to torment.
Your stone body is resilient. (AC +4)
You are immune to poison.
You resist negative energy. (rN+)
You are resistant to electric shocks. (rElec)
You can survive without breathing.
You are immune to petrification.
You are immune to rotting.


Message History

Found 11 gold pieces.
Things that are here:
a dagger; a robe An orc warrior comes into view.
It is wielding a scimitar.
An orc comes into view.
The orc wizard closely misses you.
Found a stone staircase leading down.
You hit the orc wizard.
The orc wizard is poisoned.
The orc wizard is lightly wounded.
The orc hits you. The orc wizard hits you with a dagger.
The orc warrior closely misses you. The orc wizard barely misses you.
You hit the orc wizard.
The orc wizard looks as sick as possible!
The orc wizard is moderately wounded.
The orc hits you.
The orc wizard hits you but does no damage.
The orc warrior hits you with a scimitar!!
Ouch! That really hurt!
You die...

#...###.# #.###
#.#.....# #...#######
#...###.###.#.......#
##.## ##...###...##.#
#.# ##.###.....#.#
#.# #.##........# #.#
#.###.....### #.# #.#
##%).## #.#
#.####..@#### #.#
#......oooo.#
##.###########...##$#
.......<....>...w. #
##..##### #.###.###
##..# # #$# ....# ...
##.## ... #.# ##


You could see an orc warrior, 2 orc wizards, a dart slug and an orc.

Vanquished Creatures
  A centaur skeleton (D:2)
  An orc wizard (D:3)
  Robin (D:2)
  3 adders
  A dart slug (D:3)
  2 worms (D:2)
  4 leopard geckos
  5 giant cockroaches
  15 goblins
  10 hobgoblins
  2 jackals (D:2)
  4 kobolds (D:1)
  A quokka (D:3)
  6 bats
  2 frilled lizards (D:2)
  5 rats
63 creatures vanquished.

Notes
Turn   | Place    | Note
-------+----------+-------------------------------------------
     0 | D:1      | Holzbalken the Gargoyle Monk began the quest for the Orb.
     0 | D:1      | Reached XP level 1. HP: 14/14 MP: 1/1
   173 | D:1      | Reached XP level 2. HP: 13/19 MP: 2/2
   798 | D:1      | Reached skill level 4 in Maces & Flails
   887 | D:1      | Reached XP level 3. HP: 23/23 MP: 3/3
  1332 | D:2      | Reached XP level 4. HP: 28/28 MP: 4/4
  1393 | D:2      | Reached skill level 5 in Maces & Flails
  1600 | D:2      | Found a bloodstained altar of Trog.
  1772 | D:2      | Noticed Robin
  1805 | D:2      | Killed Robin
  1805 | D:2      | Reached XP level 5. HP: 6/32 MP: 5/5
  2398 | D:3      | Reached skill level 6 in Maces & Flails
  2400 | D:3      | Noticed an orc warrior
  2404 | D:3      | Mangled by an orc warrior

Vault maps used:
D:1:      shiori_arrival_maze, corexii_item_surrounded_by_moat,
          hangedman_decor_slide_cut
D:2:      minmay_stone_trees_medium, trog_book, uniq_robin
D:3:      first_ration, uniq_natasha, uniq_crazy_yiuf_cottage

Skill      XL: |  1  2  3  4  5 |
---------------+----------------+-----
Maces & Flails | 4 5 6 |  6.0
Fighting       | |  3.2
Dodging        | |  2.4
Stealth        | |  2.1

Action                   |  1- 3 |  4- 6 || total
-------------------------+-------+-------++-------
Melee: Mace              |    71 |       ||    71
       Whip              |    47 |   101 ||   148
 Stab: Sleeping          |     6 |       ||     6
  Eat: Chunk             |     1 |     4 ||     5
Armor: Robe              |    26 |       ||    26
       Leather armour    |    14 |     1 ||    15
       Ring mail         |       |    29 ||    29
Dodge: Dodged            |    94 |    56 ||   150

Table legend:
 A = Spawn XP
 B = Non-spawn XP
 C = Spawn XP percentage of total XP
 D = Spawn monster count
 E = Non-spawn monster count
 F = Spawn count percentage of total count
 G = Total turns spent on level
                    A         B        C        D         E        F      G
               +---------+---------+-------+---------+---------+-------+---------
         Total |       0 |     245 |   0.0 |       0 |      63 |   0.0 |  2404
               +---------+---------+-------+---------+---------+-------+---------
           D:1 |       0 |      34 |   0.0 |       0 |      20 |   0.0 |   998
           D:2 |       0 |     145 |   0.0 |       0 |      34 |   0.0 |  1167
           D:3 |       0 |      66 |   0.0 |       0 |       9 |   0.0 |   239
               +---------+---------+-------+---------+---------+-------+---------
